 Dungeon Crawl Stone Soup version 0.26.0-15-gc6cd9f7 (webtiles) character file.

Game seed: 6298143711133042159

6906 PublicAnimeNo1 the Geomancer (level 11, -4/124 HPs)
             Began as a Human Earth Elementalist on Jan 21, 2021.
             Was a Priest of Ashenzari.
             Slain by an ogre
             ... wielding a +0 giant club
              (12 damage)
             ... on level 9 of the Dungeon on Jan 22, 2021.
             The game lasted 00:29:49 (10584 turns).

PublicAnimeNo1 the Geomancer (HuEE)                Turns: 10584, Time: 00:29:50

Health: -4/124     AC: 25    Str:  6 (9)  XL:     11   Next: 27%
Magic:  24/24      EV:  2    Int: 24 (25) God:    Ashenzari [***...]
Gold:   621        SH:  0    Dex: 11 (13) Spells: 4/16 levels left

rFire    . . .     SeeInvis +   b - +9 staff of Olgreb {rPois∞}
rCold    . . .     Faith    .   (no shield)
rNeg     + + +     Spirit   .   (armour currently unavailable)
rPois    ∞         Reflect  .   (helmet currently unavailable)
rElec    .         Harm     .   (cloak currently unavailable)
rCorr    .         Rampage  .   (gloves currently unavailable)
Will     .....     NoTele   +   (boots currently unavailable)
Stlth    +++.......             w - amulet of regeneration (curse)
HPRegen  0.70/turn              C - ring of magical power
MPRegen  0.19/turn              f - +6 ring of intelligence

@: tree-form, slowed, very slow
A: no striking features
a: Renounce Religion, Curse Item, Scrying


You were on level 9 of the Dungeon.
You worshipped Ashenzari.
Ashenzari was most pleased with you.
You were a tree.
You visited 1 branch of the dungeon, and saw 9 of its levels.

You collected 621 gold pieces.

Inventory:

Hand Weapons
 a - a +5 dagger of venom
 b - the +9 staff of Olgreb (weapon) {rPois∞}
   (You found it on level 7 of the Dungeon)

   It grants immunity to poison.
Missiles
 H - 257 stones
Armour
 k - a +0 pair of gloves (melded)
 q - a +0 kite shield
 u - cursed +0 swamp dragon scales (melded)
 y - a +3 leather armour of fire resistance
 F - a +0 cloak (melded)
Jewellery
 d - an uncursed ring of resist corrosion
 f - a +6 ring of intelligence (right branch)
 o - an uncursed ring of flight
 w - a cursed amulet of regeneration (around neck)
 C - a ring of magical power (left branch)
Wands
 g - a wand of random effects (37)
 t - a wand of paralysis (3)
 v - a wand of flame (9)
 x - a wand of enslavement (9)
 B - a wand of acid (5)
Scrolls
 e - a scroll of fog
 j - 3 scrolls of magic mapping
 l - 2 scrolls of noise
 m - 2 scrolls of enchant weapon
 n - 4 scrolls of teleportation
 A - 3 scrolls of identify
Potions
 c - a potion of degeneration
 i - 3 potions of attraction
 p - 4 potions of haste
 r - 2 potions of lignification
 s - 2 potions of magic {unknown}
 z - 2 potions of mutation {unknown}
 D - a potion of invisibility {unknown}
 E - 2 potions of resistance {unknown}
 G - 3 potions of brilliance {unknown}


   Skills:
 + Level 6.6 Fighting
 - Level 5.9 Short Blades
 * Level 2.9 Staves
 - Level 5.0 Armour
 - Level 2.0 Dodging
 - Level 6.4 Stealth
 - Level 3.0 Spellcasting
 - Level 5.0 Transmutations
 - Level 9.9 Earth Magic
 + Level 1.9 Evocations


You had 4 spell levels left.
You knew the following spells:

 Your Spells              Type           Power        Failure   Level
a - Sandblast             Erth           100%         1%          1
b - Petrify               Tmut/Erth      39%          4%          4
c - Passwall              Tmut/Erth      32%          1%          2
d - Lee's Rapid Deconstr  Erth           25%          4%          5

Your spell library contained the following spells:

 Spells                   Type           Power        Failure   Level
 Stone Arrow              Conj/Erth      54%          4%          3


Dungeon Overview and Level Annotations

Branches:
Dungeon (9/15)             Temple (0/1) D:6
   Lair: D:8-11         Orc: D:9-12

Altars:
Ashenzari
Cheibriados
Elyvilon
Kikubaaqudgha
Makhleb
Nemelex Xobeh
Ru
Trog
Xom
The Shining One

Annotations:
D:3 Pikel
D:7 1 runed translucent door


Message History

The ogre is severely wounded.
Erica hits you with a +2 scimitar of flaming.
Erica burns you. The ogre hits you with a +0 giant club.
* * * LOW HITPOINT WARNING * * *
You barely miss Erica.
Erica is almost dead.
Erica hits you but does no damage. The ogre hits you with a +0 giant club!
* * * LOW HITPOINT WARNING * * *
Erica points at you and mumbles some strange words.
The lance of force hits you!!
* * * LOW HITPOINT WARNING * * *
Evoke which item? (* to show all) (? for menu, Esc to quit)
Aiming: Corrosive Bolt
Press: ? - help, Shift-Dir - straight line, f/p - Erica
Aim: Erica, wielding a +2 scimitar of flaming, wearing a +0 robe and carrying a wand of iceblast (9) (almost dead, slightly transparent, 32% to evade)
The bolt of acid hits Erica!
Erica is splashed with acid.
The acid corrodes Erica!
You kill Erica!
The ogre hits you with a +0 giant club!
You die...

#####......##**
, ...
#...........
,,,, ....
#.......... ,,
####
#.........# *+
, , ..
#.........#, ,
, ..
#......$..#, ,
,.. #.........#
>, , .. ** *
#O).# ,, ,,, ..
#.♣.#####. ..
#......... ..
#$........ ,
#.........
#......... ,
#..####### #..#
,* #..# ,, , ,
#..+, , * ,


You could see an ogre.

Vanquished Creatures
  Erica (D:9)
  A two-headed ogre (D:8)
  A cyclops (D:6)
  Joseph (D:9)
  Maggie (D:7)
  Grinder (D:4)
  Eustachio (D:5)
  A wraith (D:9)
  A wyvern (D:8)
  5 soldier ants (D:7)
  2 water moccasins (D:7)
  3 orc warriors
  2 eyes of draining (D:9)
  A phantom (D:9)
  A black bear (D:6)
  3 sky beasts
  4 ogres
  3 centaurs
  4 lemures (D:4)
  A big kobold (D:8)
  Blork the orc (D:6)
  6 bullfrogs
  A gnoll sergeant (D:5)
  A wyvern skeleton (D:7)
  9 killer bees (D:7)
  6 hounds
  A centaur zombie (D:7)
  3 jellies
  5 orc wizards
  2 orc priests (D:8)
  3 bullfrog skeletons
  2 centaur skeletons
  2 gnoll shamans (D:6)
  Natasha (thrice) (D:4)
  Ijyb (D:4)
  10 worker ants
  A hound skeleton (D:4)
  9 adders
  A howler monkey skeleton (D:5)
  15 gnolls
  A shadow imp (D:9)
  2 white imps
  An ooze (D:2)
  3 adder skeletons
  2 adder zombies
  5 worms
  A dart slug (D:1)
  5 leopard geckos
  37 orcs
  6 bats
  7 giant cockroaches
  5 hobgoblins
  6 jackals
  3 quokkas
  8 frilled lizards
  6 goblins
  20 kobolds
  2 quokka skeletons
  A quokka zombie (D:8)
  7 rats
248 creatures vanquished.

Notes
Turn   | Place    | Note
-------+----------+-------------------------------------------
     0 | D:1      | PublicAnimeNo1 the Human Earth Elementalist began the quest
                  | for the Orb.
     0 | D:1      | Reached XP level 1. HP: 13/13 MP: 3/3
   402 | D:1      | Reached XP level 2. HP: 18/20 MP: 1/5
   814 | D:1      | Reached skill level 1 in Fighting
  1014 | D:1      | Reached XP level 3. HP: 21/26 MP: 6/6
  1646 | D:2      | Reached skill level 4 in Earth Magic
  1891 | D:2      | Reached XP level 4. HP: 30/32 MP: 4/7
  1904 | D:2      | Learned a level 4 spell: Petrify
  2236 | D:2      | Found a burning altar of Makhleb.
  2632 | D:3      | Found a snail-covered altar of Cheibriados.
  2757 | D:3      | Found a broken altar of Ashenzari.
  2769 | D:3      | Reached skill level 1 in Short Blades
  2790 | D:3      | Found a sparkling altar of Nemelex Xobeh.
  2792 | D:3      | Became a worshipper of Ashenzari the Shackled
  3052 | D:3      | Found an ancient bone altar of Kikubaaqudgha.
  3313 | D:4      | Noticed Grinder
  3350 | D:4      | Noticed Pikel
  3350 | D:4      | Noticed Natasha
  3439 | D:4      | Noticed a lemure
  3439 | D:4      | Noticed a lemure
  3439 | D:4      | Noticed a lemure
  3440 | D:4      | Noticed a lemure
  3460 | D:3      | HP: 1/33 [Pikel/+2 whip of flaming (2)]
  3761 | D:4      | Paralysed by Grinder for 2 turns
  3766 | D:4      | Paralysed by Grinder for 5 turns
  3786 | D:4      | Killed Grinder
  3787 | D:4      | Reached skill level 6 in Earth Magic
  3787 | D:4      | Reached XP level 5. HP: 37/38 MP: 1/8
  3787 | D:4      | Reached XP level 6. HP: 42/44 MP: 1/9
  4068 | D:4      | Killed Natasha
  4069 | D:4      | Reached XP level 7. HP: 50/50 MP: 7/10
  4261 | D:4      | Noticed Ijyb
  4263 | D:5      | Entered Level 5 of the Dungeon
  4616 | D:4      | Noticed Natasha
  4659 | D:4      | Killed Natasha
  4864 | D:4      | Killed Ijyb
  4932 | D:4      | Noticed Natasha
  4943 | D:4      | Killed Natasha
  5125 | D:4      | Reached * piety under Ashenzari
  5423 | D:5      | Noticed Eustachio
  5427 | D:5      | Killed Eustachio
  5428 | D:5      | Reached XP level 8. HP: 54/56 MP: 8/12
  5477 | D:5      | Found a shimmering altar of Xom.
  5725 | D:5      | Learned a level 2 spell: Passwall
  6015 | D:5      | Reached skill level 7 in Earth Magic
  6676 | D:6      | Reached XP level 9. HP: 61/61 MP: 10/13
  6679 | D:6      | Reached skill level 5 in Stealth
  7003 | D:6      | Noticed a cyclops
  7016 | D:6      | Found a glowing golden altar of the Shining One.
  7185 | D:6      | Found a staircase to the Ecumenical Temple.
  7295 | D:6      | Reached ** piety under Ashenzari
  7346 | D:6      | Reached skill level 8 in Earth Magic
  7385 | D:6      | Noticed Blork the orc
  7393 | D:6      | Killed Blork the orc
  7618 | D:6      | Killed a cyclops
  7681 | D:7      | Found a runed translucent gate.
  7683 | D:7      | Found a runed translucent gate.
  7683 | D:7      | Found a runed translucent gate.
  7686 | D:7      | Reached skill level 5 in Short Blades
  7697 | D:7      | Found a runed translucent door.
  7752 | D:7      | Found the +9 staff of Olgreb {rPois∞}
  7756 | D:7      | Found a runed translucent door.
  7768 | D:7      | Learned a level 5 spell: Lee's Rapid Deconstruction
  8041 | D:7      | Noticed Maggie
  8050 | D:7      | Killed Maggie
  8051 | D:7      | Reached skill level 5 in Transmutations
  8051 | D:7      | Reached XP level 10. HP: 61/70 MP: 14/14
  8249 | D:7      | Found a sacrificial altar of Ru.
  8689 | D:7      | Reached skill level 1 in Armour
  8860 | D:8      | Found a white marble altar of Elyvilon.
  8923 | D:8      | Identified the +5 short sword "Ludex" {flame, rF+}
  8998 | D:8      | Noticed a two-headed ogre
  9007 | D:8      | Killed a two-headed ogre
  9008 | D:8      | Reached skill level 9 in Earth Magic
  9054 | D:8      | Found a bloodstained altar of Trog.
  9224 | D:8      | Reached skill level 5 in Fighting
  9617 | D:9      | Noticed Joseph
  9625 | D:9      | Killed Joseph
  9788 | D:7      | Reached XP level 11. HP: 73/81 MP: 12/15
 10060 | D:9      | Found a bloodstained altar of Trog.
 10071 | D:9      | Reached skill level 1 in Staves
 10083 | D:9      | Reached skill level 5 in Armour
 10260 | D:9      | Reached *** piety under Ashenzari
 10264 | D:9      | Reached skill level 1 in Evocations
 10556 | D:9      | Noticed Erica
 10584 | D:9      | Killed Erica
 10584 | D:9      | Slain by an ogre

Illustrated notes

Levels and vault maps discovered:
D:1:      erik_arrival_blinker_ship, layout_basic
D:2:      layout_loops_ring, general_overflow_altar
D:3:      layout_basic, lemuel_zombie_altar_kikubaaqudgha,
          grunt_temple_overflow_open, old_standard_altar,
          minmay_misc_feat_encased
D:4:      layout_cave_pools, kennysheep_generic_room_3, uniq_pikel, uniq_ijyb,
          uniq_natasha, uniq_grinder
D:5:      layout_cave_pools, basic_altar, kennysheep_minor_cross,
          cheibrodos_gnoll_hut, uniq_eustachio
D:6:      layout_cave_pools, tso_oasis_becter, minmay_temple_entry_sparse_star,
          uniq_blork_the_orc
D:7:      layout_cave_pods, lemuel_crystal_altar,
          minmay_guarded_unrand_staff_of_olgreb, uniq_maggie
D:8:      layout_gridville, nicolae_overflow_crystal_walls, trog_hazing_becter
D:9:      layout_irregular_city, trog_eyes_of_draining, gammafunk_ghost_grave,
          uniq_joseph, uniq_erica

Skill      XL: |  1  2  3  4  5  6  7  8  9 10 11 |
---------------+----------------------------------+-----
Fighting       | 1 2 3 5 6 |  6.6
Earth Magic    | 4 6 7 8 9 |  9.9
Short Blades   | 2 3 5 |  5.9
Transmutations | 3 4 5 |  5.0
Stealth        | 3 4 6 |  6.4
Spellcasting   | 3 |  3.0
Armour         | 4 5 |  5.0
Staves         | 2 |  2.9
Evocations     | 1 |  1.9
Dodging        | |  2.0

Action                   |  1- 3 |  4- 6 |  7- 9 | 10-12 || total
-------------------------+-------+-------+-------+-------++-------
Melee: Short sword       |    97 |    70 |    31 |       ||   198
       Club              |     1 |       |       |       ||     1
       Dagger            |       |       |   186 |   207 ||   393
       Staff             |       |       |       |    17 ||    17
 Cast: Sandblast         |    16 |    29 |    83 |    34 ||   162
       Passwall          |       |       |     2 |       ||     2
       Petrify           |       |       |    15 |    11 ||    26
       Lee's Rapid Decon |       |       |       |     3 ||     3
Invok: Curse Item        |       |     1 |     2 |       ||     3
Evoke: Wand              |       |       |     3 |     3 ||     6
  Use: Scroll            |     1 |     7 |     8 |     1 ||    17
       Potion            |       |     3 |       |     4 ||     7
 Stab: Sleeping          |     4 |     1 |     6 |     5 ||    16
       Paralysed         |       |       |     3 |       ||     3
       Petrified         |       |       |    11 |     9 ||    20
       Petrifying        |       |       |     3 |     8 ||    11
       Distracted        |       |       |     1 |       ||     1
Armor: Robe              |    29 |    14 |    11 |       ||    54
       Leather armour    |       |       |    33 |     2 ||    35
       Swamp dragon scal |       |       |       |    62 ||    62
       Skin              |       |       |       |     8 ||     8
Dodge: Dodged            |    78 |    45 |   137 |    79 ||   339
